Panthers vs Red Wings
Created - December 24, 2023 at 10:36
Goals
|
| Panthers |
0 |
2 |
2 |
4 |
| Red Wings |
1 |
2 |
2 |
5 |
|
Shots
|
| Panthers |
5 |
13 |
13 |
31 |
| Red Wings |
5 |
8 |
18 |
31 |
|
1st period
1. Red Wings , Charlie Coyle 11 (Jordan Eberle 14) at 2:57
Penalties :
No Penalty
2nd period
2. Panthers , Alexander Semin 5 (Elias Lindholm 6) at 3:37
3. Red Wings , Frans Nielsen 2 (Evgeny Dadonov 4, Philip Samuelsson 9) at 6:00
4. Red Wings , Alex DeBrincat 9 (Jordan Eberle 15, Drew Fata 2) at 7:23
5. Panthers , Kirill Kaprizov 9 (Kris Versteeg 19, Matt Duchene 27) at 15:22
Penalties :
Victor Oreskovich (Flo) for Hooking (Minor) at 3:49, Drew Fata (Det) for Hooking (Minor) at 8:35, Philip Samuelsson (Det) for Interference (Minor) at 11:22, Matt Duchene (Flo) for Goalie Interference (Minor) at 16:00
3rd period
6. Red Wings , Jordan Eberle 12 (Jake Gardiner 8) at 12:01
7. Panthers , Alex Pietrangelo 4 (Alex Iafallo 10, Ville Husso) at 14:55 (PP)
8. Panthers , Alex Pietrangelo 5 (Kris Versteeg 20, Griffin Reinhart 11) at 18:01 (PP)
9. Red Wings , T.J. Hensick 9 (Carson Mcmillan 10, Drew Fata 3) at 18:12
Penalties :
Jordan Eberle (Det) for Hooking (Minor) at 6:47, Philip Samuelsson (Det) for Boarding (Minor) at 14:23, Colten Teubert (Det) for Goalie Interference (Minor) at 17:36, Alexander Semin (Flo) for Holding (Minor) at 18:26
Goalie Stats
Ville Husso (Flo), 26 saves from 31 shots - (0.839), L, 12-2-2, 60:00 minutes
Alexandar Georgiev (Det), 27 saves from 31 shots - (0.871), W, 11-11-1, 60:00 minutes
Players Stats for Panthers
Player Name G A P +/- PIM S H SB GA TA FO MP PP MP PK MP
------------------------------------------------------------------------------------
Alex Goligoski 0 0 0 -1 0 0 0 0 0 1 0/0 18:05 2:37 2:15
Alex Iafallo 0 1 1 -2 0 2 1 0 0 0 1/1 16:29 2:46 2:12
Alex Pietrangelo 2 0 2 -2 0 4 1 0 0 1 0/0 30:09 4:17 3:16
Alexander Semin 1 0 1 0 2 3 0 1 0 1 0/0 12:02 0:04 0:06
Blake Geoffrion 0 0 0 0 0 1 1 1 0 0 1/1 7:14 0:00 0:00
Elias Lindholm 0 1 1 0 0 0 1 0 0 1 3/8 13:14 0:04 1:08
Griffin Reinhart 0 1 1 0 0 1 0 0 0 1 0/0 19:41 4:17 0:00
Jerry D'Amigo 0 0 0 0 0 0 2 0 0 0 0/0 7:58 0:04 0:00
Kirill Kaprizov 1 0 1 0 0 5 0 0 0 0 2/2 21:49 4:04 0:00
Kris Versteeg 0 2 2 0 0 4 4 0 2 1 1/2 24:40 4:04 3:06
Matt Duchene 0 1 1 0 2 7 1 0 1 1 17/26 21:48 4:04 0:00
Miro Aaltonen 0 0 0 -3 0 1 3 1 1 0 12/19 16:13 2:46 1:48
Nikita Tryamkin 0 0 0 0 0 0 1 0 0 0 0/0 13:20 2:37 0:00
Niklas Hansson 0 0 0 -2 0 1 0 1 0 1 0/0 22:59 0:00 3:16
Petr Straka 0 0 0 0 0 2 2 1 0 0 0/1 11:31 0:00 0:00
Quinton Howden 0 0 0 -1 0 0 2 0 1 0 1/5 10:14 0:00 2:42
Shea Weber 0 0 0 -1 0 0 0 0 0 1 0/0 12:43 0:00 2:15
Victor Oreskovich 0 0 0 -3 2 0 1 2 0 0 2/2 14:17 2:46 0:00
Players Stats for Red Wings
Player Name G A P +/- PIM S H SB GA TA FO MP PP MP PK MP
------------------------------------------------------------------------------------
Alex DeBrincat 1 0 1 2 0 3 1 0 1 0 0/1 16:43 2:35 0:00
Brendan Woods 0 0 0 1 0 1 0 0 0 0 0/0 11:32 0:00 2:38
Carson Mcmillan 0 1 1 0 0 1 0 1 0 0 0/1 15:06 0:00 4:04
Charlie Coyle 1 0 1 2 0 3 0 2 0 1 7/23 19:25 2:35 1:44
Chris Kreider 0 0 0 0 0 1 0 3 1 0 1/1 18:23 2:56 0:07
Colten Teubert 0 0 0 0 2 0 0 2 0 1 0/0 18:22 0:00 4:17
Danton Heinen 0 0 0 0 0 2 0 0 1 1 0/1 17:47 2:35 0:00
Drew Fata 0 2 2 1 2 2 3 2 0 0 0/0 19:39 0:00 3:17
Dylan Larkin 0 0 0 0 0 3 2 0 2 0 9/19 17:58 2:56 0:00
Evgeny Dadonov 0 1 1 1 0 4 1 0 0 1 0/0 7:55 0:00 0:00
Frans Nielsen 1 0 1 1 0 3 3 0 0 0 2/3 7:47 0:00 0:00
Jake Gardiner 0 1 1 2 0 0 2 2 3 1 0/0 22:16 3:23 3:12
Jeff Schultz 0 0 0 1 0 1 0 0 1 0 0/0 18:44 2:08 0:34
Jordan Eberle 1 2 3 2 2 5 0 0 0 0 0/1 16:47 2:56 0:00
Philip Samuelsson 0 1 1 2 4 0 5 1 0 0 0/0 20:48 3:23 0:50
Roland McKeown 0 0 0 0 0 0 1 2 0 0 0/0 14:39 0:00 1:38
Sean Bergenheim 0 0 0 0 0 1 2 0 0 0 0/0 12:09 0:00 1:22
T.J. Hensick 1 0 1 0 0 1 0 0 0 0 8/17 17:01 2:08 3:53
3 Stars
1 - Jordan Eberle (Det)
2 - Frans Nielsen (Det)
3 - Alex DeBrincat (Det)
Power Play
Panthers - 2 on 5 Attempt(s) - 40.00%
Red Wings - 0 on 3 Attempt(s) - 0.00%
Penalty Kill
Panthers - 3 on 3 Attempt(s) - 100.00%
- Score 0 goal in Penalty Kill
Red Wings - 3 on 5 Attempt(s) - 60.00%
- Score 0 goal in Penalty Kill
Team Stat
Panthers - Hits : 20 - Faceoff Wins : 40 - Blocked Shots : 7 - Penalty Minutes : 6
Red Wings - Hits : 20 - Faceoff Wins : 27 - Blocked Shots : 15 - Penalty Minutes : 10
Official
Referees : Marc Joannette and Brandon Schrader
Linesman : David Brisebois and Steve Miller
Game Notes
No Game Note
Finance
Level 1 -- Attendance: 6000 (100.00%) -- Ticket Income $600,000
Level 2 -- Attendance: 4522 (90.44%) -- Ticket Income $271,320
Level 3 -- Attendance: 1818 (90.90%) -- Ticket Income $63,630
Level 4 -- Attendance: 3901 (97.53%) -- Ticket Income $97,525
Luxury Box -- Attendance: 965 (96.50%) -- Ticket Income $193,000
Game was played at the Little Caesars arena.
Total Attendance: 17206 (95.59%)
Total Ticket Income: $1,225,475
Other Income: $183,821
Total Income: $1,409,296
Panthers
5 vs 5 Forward
Center Left Wing Right Wing Time % Phy DF OF
1 Matt Duchene Kirill Kaprizov Kris Versteeg 40 0 2 3
2 Miro Aaltonen Alex Iafallo Victor Oreskovich 30 0 2 3
3 Elias Lindholm Alexander Semin Petr Straka 20 1 2 2
4 Quinton Howden Blake Geoffrion Jerry D'Amigo 10 1 2 2
5 vs 5 Defense
Defense Defense Time % Phy DF OF
1 Alex Pietrangelo Niklas Hansson 40 0 2 3
2 Alex Goligoski Griffin Reinhart 30 0 2 3
3 Nikita Tryamkin Shea Weber 20 1 2 2
4 Alex Pietrangelo Griffin Reinhart 10 0 2 3
PowerPlay Forward
Center Left Wing Right Wing Time % Phy DF OF
1 Matt Duchene Kirill Kaprizov Kris Versteeg 60 0 1 4
2 Miro Aaltonen Alex Iafallo Victor Oreskovich 40 0 1 4
PowerPlay Defense
Defense Defense Time % Phy DF OF
1 Alex Pietrangelo Griffin Reinhart 60 0 2 3
2 Alex Goligoski Nikita Tryamkin 40 0 2 3
Penalty Kill 4 Players Forward
Center Wing Time % Phy DF OF
1 Quinton Howden Kris Versteeg 60 1 3 1
2 Miro Aaltonen Alex Iafallo 40 1 3 1
Penalty Kill 4 Players Defense
Defense Defense Time % Phy DF OF
1 Alex Pietrangelo Niklas Hansson 60 1 3 1
2 Alex Goligoski Shea Weber 40 1 3 1
Penalty Kill - 3 Players Forward
Forward Time % Phy DF OF
1 Kris Versteeg 60 1 3 1
2 Quinton Howden 40 1 3 1
Penalty Kill - 3 Players Defense
Defense Defense Time % Phy DF OF
1 Alex Pietrangelo Niklas Hansson 60 1 3 1
2 Alex Goligoski Shea Weber 40 1 3 1
4 vs 4 Forward
Center Wing Time % Phy DF OF
1 Matt Duchene Kirill Kaprizov 60 0 2 3
2 Miro Aaltonen Kris Versteeg 40 0 2 3
4 vs 4 Defense
Defense Defense Time % Phy DF OF
1 Alex Pietrangelo Niklas Hansson 60 0 2 3
2 Alex Goligoski Griffin Reinhart 40 1 2 2
Last Minutes Offensive
Center Left Wing Right Wing Defense Defense
Matt Duchene Kirill Kaprizov Kris Versteeg Alex Pietrangelo Alex Goligoski
Last Minutes Defensive
Center Left Wing Right Wing Defense Defense
Quinton Howden Alex Iafallo Kris Versteeg Alex Pietrangelo Niklas Hansson
Goaltenders
Starting : Ville Husso
Backup : Brian Elliott
Extra Forwards
Normal : Alex Iafallo, Matt Duchene, Kris Versteeg - PP : Miro Aaltonen, Matt Duchene - PK : Miro Aaltonen
Extra Defensemen
Normal : Griffin Reinhart, Alex Pietrangelo, Alex Goligoski - PP : Alex Pietrangelo - PK : Alex Goligoski, Niklas Hansson
Penalty Shots
Quinton Howden, Alexander Semin, Miro Aaltonen, Kris Versteeg, Matt Duchene
Custom OT Lines Forwards
Matt Duchene, Kris Versteeg, Alex Iafallo, Alexander Semin, Miro Aaltonen, Quinton Howden, Blake Geoffrion, Elias Lindholm, Kirill Kaprizov, Petr Straka
Custom OT Lines Defensemen
Alex Pietrangelo, Alex Goligoski, Niklas Hansson, Shea Weber, Griffin Reinhart
Scratches
None
Red Wings
5 vs 5 Forward
Center Left Wing Right Wing Time % Phy DF OF
1 Dylan Larkin Chris Kreider Danton Heinen 35 1 2 2
2 Charlie Coyle Alex DeBrincat Jordan Eberle 35 1 2 2
3 T.J. Hensick Sean Bergenheim Carson Mcmillan 20 1 2 2
4 Frans Nielsen Brendan Woods Evgeny Dadonov 10 1 2 2
5 vs 5 Defense
Defense Defense Time % Phy DF OF
1 Jake Gardiner Drew Fata 35 1 2 2
2 Philip Samuelsson Jeff Schultz 35 1 2 2
3 Colten Teubert Roland McKeown 20 1 2 2
4 Colten Teubert Roland McKeown 10 1 2 2
PowerPlay Forward
Center Left Wing Right Wing Time % Phy DF OF
1 Dylan Larkin Chris Kreider Jordan Eberle 60 1 2 2
2 Charlie Coyle Alex DeBrincat Danton Heinen 40 1 2 2
PowerPlay Defense
Defense Defense Time % Phy DF OF
1 Philip Samuelsson Jake Gardiner 60 1 2 2
2 T.J. Hensick Jeff Schultz 40 1 2 2
Penalty Kill 4 Players Forward
Center Wing Time % Phy DF OF
1 T.J. Hensick Carson Mcmillan 60 1 4 0
2 Charlie Coyle Brendan Woods 40 1 4 0
Penalty Kill 4 Players Defense
Defense Defense Time % Phy DF OF
1 Drew Fata Colten Teubert 60 1 4 0
2 Roland McKeown Jake Gardiner 40 1 4 0
Penalty Kill - 3 Players Forward
Forward Time % Phy DF OF
1 Carson Mcmillan 60 1 2 2
2 T.J. Hensick 40 1 2 2
Penalty Kill - 3 Players Defense
Defense Defense Time % Phy DF OF
1 Drew Fata Colten Teubert 60 1 2 2
2 Jake Gardiner Roland McKeown 40 1 2 2
4 vs 4 Forward
Center Wing Time % Phy DF OF
1 Dylan Larkin Chris Kreider 60 1 2 2
2 Charlie Coyle Jordan Eberle 40 1 2 2
4 vs 4 Defense
Defense Defense Time % Phy DF OF
1 Jeff Schultz Jake Gardiner 60 1 2 2
2 Philip Samuelsson Drew Fata 40 1 2 2
Last Minutes Offensive
Center Left Wing Right Wing Defense Defense
Dylan Larkin Chris Kreider Jordan Eberle Philip Samuelsson Jake Gardiner
Last Minutes Defensive
Center Left Wing Right Wing Defense Defense
Charlie Coyle T.J. Hensick Carson Mcmillan Jake Gardiner Drew Fata
Goaltenders
Starting : Alexandar Georgiev
Backup : Carter Hutton
Extra Forwards
Normal : Alex DeBrincat, Sean Bergenheim, T.J. Hensick - PP : Frans Nielsen, T.J. Hensick - PK : Sean Bergenheim
Extra Defensemen
Normal : Roland McKeown, Colten Teubert, Philip Samuelsson - PP : Roland McKeown - PK : Jake Gardiner, Philip Samuelsson
Penalty Shots
Dylan Larkin, Alex DeBrincat, Chris Kreider, Carson Mcmillan, Jordan Eberle
Custom OT Lines Forwards
Dylan Larkin, Chris Kreider, Jordan Eberle, Alex DeBrincat, Danton Heinen, Charlie Coyle, Frans Nielsen, T.J. Hensick, Sean Bergenheim, Carson Mcmillan
Custom OT Lines Defensemen
Philip Samuelsson, Jake Gardiner, Jeff Schultz, Roland McKeown, Drew Fata
Scratches
Cody Franson (Healthy), Mike Richards (Healthy)
% Time on Ice - Panthers
Lines # - Real PCT - Wanted PCT - Time Play
Normal Forward
1 - 38% - 40% - 18:14
2 - 26% - 30% - 12:28
3 - 23% - 20% - 10:53
4 - 13% - 10% - 6:00
Normal Defense
1 - 42% - 40% - 19:52
2 - 31% - 30% - 14:43
3 - 22% - 20% - 10:16
4 - 6% - 10% - 2:44
PP Forward
1 - 60% - 60% - 4:08
2 - 40% - 40% - 2:46
PP Defense
1 - 62% - 60% - 4:17
2 - 38% - 40% - 2:37
PK Forward
1 - 82% - 60% - 4:30
2 - 18% - 40% - 1:01
PK Defense
1 - 59% - 60% - 3:16
2 - 41% - 40% - 2:15
PK3 Forward
1 - 0% - 60%
2 - 0% - 40%
PK3 Defense
1 - 0% - 60%
2 - 0% - 40%
44 Forward
1 - 0% - 60%
2 - 0% - 40%
44 Defense
1 - 0% - 60%
2 - 0% - 40%
Last Minute Offensive - 0:00
Last Minute Defensive - 0:00
Total
Forward - 60:00
Defense - 60:00
|
% Time on Ice - Red Wings
Lines # - Real PCT - Wanted PCT - Time Play
Normal Forward
1 - 33% - 35% - 15:50
2 - 31% - 35% - 14:59
3 - 21% - 20% - 10:10
4 - 14% - 10% - 6:36
Normal Defense
1 - 37% - 35% - 17:25
2 - 37% - 35% - 17:39
3 - 18% - 20% - 8:46
4 - 8% - 10% - 3:45
PP Forward
1 - 53% - 60% - 2:56
2 - 47% - 40% - 2:35
PP Defense
1 - 61% - 60% - 3:23
2 - 39% - 40% - 2:08
PK Forward
1 - 81% - 60% - 5:36
2 - 19% - 40% - 1:18
PK Defense
1 - 76% - 60% - 5:16
2 - 24% - 40% - 1:38
PK3 Forward
1 - 0% - 60%
2 - 0% - 40%
PK3 Defense
1 - 0% - 60%
2 - 0% - 40%
44 Forward
1 - 0% - 60%
2 - 0% - 40%
44 Defense
1 - 0% - 60%
2 - 0% - 40%
Last Minute Offensive - 0:00
Last Minute Defensive - 0:00
Total
Forward - 60:00
Defense - 60:00
|
Play-by-Play
1st period
0:01 of 1st period - Matt Duchene wins face-off versus Dylan Larkin in neutral zone.
1:01 of 1st period - Snap shot by T.J. Hensick.
1:01 of 1st period - Shot Blocked by Alexander Semin.
1:56 of 1st period - Jake Gardiner is hit by Victor Oreskovich and loses puck.
2:13 of 1st period - Wrist shot by Petr Straka.
2:13 of 1st period - Deflect By Alexander Semin.
2:13 of 1st period - Shot Blocked by Carson Mcmillan.
2:13 of 1st period - Puck is out of play.
2:14 of 1st period - Elias Lindholm wins face-off versus T.J. Hensick in Red Wings zone.
2:31 of 1st period - Alex Pietrangelo is hit by Sean Bergenheim and loses puck.
2:50 of 1st period - Snap shot by Carson Mcmillan.
2:50 of 1st period - Deflect By Sean Bergenheim.
2:50 of 1st period - Stopped by Ville Husso without a rebound.
2:51 of 1st period - Matt Duchene wins face-off versus Charlie Coyle in Panthers zone.
2:53 of 1st period - Icing by Kris Versteeg.
2:54 of 1st period - Charlie Coyle wins face-off versus Matt Duchene in Panthers zone.
2:57 of 1st period - Snap shot by Charlie Coyle.
2:57 of 1st period - Goal by Charlie Coyle - Panthers : 0 - Red Wings : 1.
2:58 of 1st period - Kirill Kaprizov wins face-off versus Dylan Larkin in neutral zone.
3:06 of 1st period - Icing by Colten Teubert.
3:07 of 1st period - Dylan Larkin wins face-off versus Kris Versteeg in Red Wings zone.
3:16 of 1st period - Snap shot by Danton Heinen.
3:16 of 1st period - Shot Misses the Net.
3:46 of 1st period - Snap shot by Matt Duchene.
3:46 of 1st period - Shot Misses the Net.
3:48 of 1st period - Slapshot by Kris Versteeg.
3:48 of 1st period - Shot Blocked by Roland McKeown.
4:04 of 1st period - Wrist shot by Kris Versteeg.
4:04 of 1st period - Shot Misses the Net.
4:18 of 1st period - Wrist shot by Kris Versteeg.
4:18 of 1st period - Shot Blocked by Colten Teubert.
4:20 of 1st period - Wrist shot by Matt Duchene.
4:20 of 1st period - Shot Blocked by Colten Teubert.
4:22 of 1st period - Snap shot by Alex Pietrangelo.
4:22 of 1st period - Shot Blocked by Chris Kreider.
4:24 of 1st period - Slapshot by Niklas Hansson.
4:24 of 1st period - Shot Blocked by Chris Kreider.
4:51 of 1st period - Snap shot by Dylan Larkin.
4:51 of 1st period - Stopped by Ville Husso with a rebound.
4:59 of 1st period - Dylan Larkin is hit by Alex Pietrangelo and loses puck.
6:34 of 1st period - Wrist shot by Kris Versteeg.
6:34 of 1st period - Shot Misses the Net.
6:36 of 1st period - Backhand shot by Niklas Hansson.
6:36 of 1st period - Stopped by Alexandar Georgiev with a rebound.
6:38 of 1st period - Snap shot by Kris Versteeg.
6:38 of 1st period - Stopped by Alexandar Georgiev with a rebound.
6:44 of 1st period - Wrist shot by Matt Duchene.
6:44 of 1st period - Shot Blocked by Roland McKeown.
6:46 of 1st period - Wrist shot by Kirill Kaprizov.
6:46 of 1st period - Shot Misses the Net.
6:50 of 1st period - Snap shot by Matt Duchene.
6:50 of 1st period - Stopped by Alexandar Georgiev with a rebound.
6:52 of 1st period - Slapshot by Kirill Kaprizov.
6:52 of 1st period - Shot Misses the Net.
8:11 of 1st period - Snap shot by Dylan Larkin.
8:11 of 1st period - Stopped by Ville Husso with a rebound.
8:31 of 1st period - Colten Teubert is hit by Kris Versteeg and loses puck.
9:26 of 1st period - Wrist shot by Dylan Larkin.
9:26 of 1st period - Shot Misses the Net.
9:32 of 1st period - Colten Teubert is hit by Kris Versteeg and loses puck.
10:25 of 1st period - Wrist shot by Matt Duchene.
10:25 of 1st period - Stopped by Alexandar Georgiev without a rebound.
10:26 of 1st period - Charlie Coyle wins face-off versus Miro Aaltonen in Red Wings zone.
11:13 of 1st period - Nikita Tryamkin is hit by Frans Nielsen and loses puck.
11:24 of 1st period - Slapshot by Evgeny Dadonov.
11:24 of 1st period - Stopped by Ville Husso with a rebound.
12:01 of 1st period - Wrist shot by Petr Straka.
12:01 of 1st period - Stopped by Alexandar Georgiev with a rebound.
12:21 of 1st period - Sean Bergenheim is hit by Quinton Howden and loses puck.
13:09 of 1st period - Shea Weber is hit by Frans Nielsen and loses puck.
14:23 of 1st period - Icing by Nikita Tryamkin.
14:24 of 1st period - Elias Lindholm wins face-off versus T.J. Hensick in Panthers zone.
14:31 of 1st period - Jake Gardiner is hit by Quinton Howden and loses puck.
17:22 of 1st period - Alex Goligoski is hit by Alex DeBrincat and loses puck.
Goals for this period are 0 for Panthers vs 1 for Red Wings.
Shots for this period are 5 for Panthers vs 5 for Red Wings.
2nd period
0:01 of 2nd period - Miro Aaltonen wins face-off versus Charlie Coyle in neutral zone.
0:16 of 2nd period - Wrist shot by Alex Iafallo.
0:16 of 2nd period - Shot Misses the Net.
0:38 of 2nd period - Snap shot by T.J. Hensick.
0:38 of 2nd period - Deflect By Griffin Reinhart.
0:38 of 2nd period - Shot Blocked by Petr Straka.
0:38 of 2nd period - Puck is out of play.
0:39 of 2nd period - Miro Aaltonen wins face-off versus Charlie Coyle in Panthers zone.
1:28 of 2nd period - Frans Nielsen is hit by Petr Straka and loses puck.
1:54 of 2nd period - Niklas Hansson is hit by Drew Fata and loses puck.
2:09 of 2nd period - Snap shot by Jake Gardiner.
2:09 of 2nd period - Shot Misses the Net.
2:11 of 2nd period - Snap shot by Charlie Coyle.
2:11 of 2nd period - Shot Misses the Net.
2:13 of 2nd period - Snap shot by Alex DeBrincat.
2:13 of 2nd period - Deflect By Jordan Eberle.
2:13 of 2nd period - Stopped by Ville Husso without a rebound.
2:14 of 2nd period - Miro Aaltonen wins face-off versus Charlie Coyle in Panthers zone.
3:31 of 2nd period - Wrist shot by Elias Lindholm.
3:31 of 2nd period - Shot Misses the Net.
3:33 of 2nd period - Wrist shot by Alexander Semin.
3:33 of 2nd period - Shot Blocked by Drew Fata.
3:35 of 2nd period - Snap shot by Alexander Semin.
3:35 of 2nd period - Stopped by Alexandar Georgiev with a rebound.
3:37 of 2nd period - Snap shot by Alexander Semin.
3:37 of 2nd period - Goal by Alexander Semin - Panthers : 1 - Red Wings : 1.
3:38 of 2nd period - Victor Oreskovich wins face-off versus Charlie Coyle in neutral zone.
3:49 of 2nd period - Minor Penalty to Victor Oreskovich for Hooking.
3:50 of 2nd period - Dylan Larkin wins face-off versus Quinton Howden in Panthers zone.
4:02 of 2nd period - Wrist shot by Kris Versteeg.
4:02 of 2nd period - Shot Blocked by Chris Kreider.
4:48 of 2nd period - T.J. Hensick is hit by Miro Aaltonen and loses puck.
5:49 of 2nd period - Penalty to Victor Oreskovich is over, Victor Oreskovich is back on ice.
5:58 of 2nd period - Wrist shot by Evgeny Dadonov.
5:58 of 2nd period - Shot Misses the Net.
6:00 of 2nd period - Wrist shot by Frans Nielsen.
6:00 of 2nd period - Goal by Frans Nielsen - Panthers : 1 - Red Wings : 2.
6:01 of 2nd period - Miro Aaltonen wins face-off versus Carson Mcmillan in neutral zone.
6:39 of 2nd period - Slapshot by Alex DeBrincat.
6:39 of 2nd period - Stopped by Ville Husso with a rebound.
6:59 of 2nd period - Wrist shot by Alexander Semin.
6:59 of 2nd period - Stopped by Alexandar Georgiev without a rebound.
7:00 of 2nd period - Miro Aaltonen wins face-off versus Charlie Coyle in Red Wings zone.
7:05 of 2nd period - Snap shot by Miro Aaltonen.
7:05 of 2nd period - Stopped by Alexandar Georgiev without a rebound.
7:06 of 2nd period - Victor Oreskovich wins face-off versus Charlie Coyle in Red Wings zone.
7:19 of 2nd period - Snap shot by Jordan Eberle.
7:19 of 2nd period - Shot Blocked by Niklas Hansson.
7:21 of 2nd period - Slapshot by Jordan Eberle.
7:21 of 2nd period - Shot Blocked by Miro Aaltonen.
7:23 of 2nd period - Snap shot by Alex DeBrincat.
7:23 of 2nd period - Goal by Alex DeBrincat - Panthers : 1 - Red Wings : 3.
7:24 of 2nd period - Matt Duchene wins face-off versus Jordan Eberle in neutral zone.
7:41 of 2nd period - Wrist shot by Kris Versteeg.
7:41 of 2nd period - Deflect By Matt Duchene.
7:41 of 2nd period - Shot Misses the Net.
7:41 of 2nd period - Puck is out of play.
7:42 of 2nd period - Dylan Larkin wins face-off versus Miro Aaltonen in Red Wings zone.
7:49 of 2nd period - Victor Oreskovich is hit by Drew Fata.
7:53 of 2nd period - Slapshot by Alex Pietrangelo.
7:53 of 2nd period - Deflect By Alex Iafallo.
7:53 of 2nd period - Stopped by Alexandar Georgiev without a rebound.
7:54 of 2nd period - Matt Duchene wins face-off versus Charlie Coyle in Red Wings zone.
8:32 of 2nd period - Wrist shot by Alex Iafallo.
8:32 of 2nd period - Stopped by Alexandar Georgiev without a rebound.
8:33 of 2nd period - Charlie Coyle wins face-off versus Elias Lindholm in Red Wings zone.
8:35 of 2nd period - Minor Penalty to Drew Fata for Hooking.
8:36 of 2nd period - T.J. Hensick wins face-off versus Matt Duchene in Red Wings zone.
10:18 of 2nd period - Icing by Alex Goligoski.
10:19 of 2nd period - Miro Aaltonen wins face-off versus Charlie Coyle in Panthers zone.
10:35 of 2nd period - Penalty to Drew Fata is over, Drew Fata is back on ice.
10:46 of 2nd period - Slapshot by Charlie Coyle.
10:46 of 2nd period - Stopped by Ville Husso with a rebound.
10:48 of 2nd period - Wrist shot by Alex DeBrincat.
10:48 of 2nd period - Stopped by Ville Husso with a rebound.
11:08 of 2nd period - Wrist shot by Quinton Howden.
11:08 of 2nd period - Shot Blocked by Philip Samuelsson.
11:10 of 2nd period - Wrist shot by Niklas Hansson.
11:10 of 2nd period - Shot Blocked by Charlie Coyle.
11:12 of 2nd period - Snap shot by Blake Geoffrion.
11:12 of 2nd period - Stopped by Alexandar Georgiev with a rebound.
11:22 of 2nd period - Minor Penalty to Philip Samuelsson for Interference.
11:23 of 2nd period - Matt Duchene wins face-off versus T.J. Hensick in Red Wings zone.
12:32 of 2nd period - Jake Gardiner is hit by Miro Aaltonen and loses puck.
12:45 of 2nd period - Alex Goligoski is hit by Roland McKeown and loses puck.
13:22 of 2nd period - Penalty to Philip Samuelsson is over, Philip Samuelsson is back on ice.
13:50 of 2nd period - Niklas Hansson is hit by Philip Samuelsson and loses puck.
14:03 of 2nd period - Snap shot by Charlie Coyle.
14:03 of 2nd period - Stopped by Ville Husso without a rebound.
14:04 of 2nd period - Miro Aaltonen wins face-off versus Danton Heinen in Panthers zone.
15:01 of 2nd period - Slapshot by Matt Duchene.
15:01 of 2nd period - Stopped by Alexandar Georgiev with a rebound.
15:03 of 2nd period - Slapshot by Kirill Kaprizov.
15:03 of 2nd period - Stopped by Alexandar Georgiev without a rebound.
15:04 of 2nd period - Matt Duchene wins face-off versus T.J. Hensick in Red Wings zone.
15:07 of 2nd period - Snap shot by Matt Duchene.
15:07 of 2nd period - Stopped by Alexandar Georgiev without a rebound.
15:08 of 2nd period - T.J. Hensick wins face-off versus Matt Duchene in Red Wings zone.
15:08 of 2nd period - Jake Gardiner is hit by Nikita Tryamkin.
15:18 of 2nd period - Snap shot by Kris Versteeg.
15:18 of 2nd period - Shot Blocked by Jake Gardiner.
15:20 of 2nd period - Wrist shot by Kirill Kaprizov.
15:20 of 2nd period - Shot Misses the Net.
15:22 of 2nd period - Snap shot by Kirill Kaprizov.
15:22 of 2nd period - Deflect By Jake Gardiner.
15:22 of 2nd period - Goal by Kirill Kaprizov - Panthers : 2 - Red Wings : 3.
15:23 of 2nd period - Matt Duchene wins face-off versus Charlie Coyle in neutral zone.
15:34 of 2nd period - Wrist shot by Matt Duchene.
15:34 of 2nd period - Shot Hit the Post.
15:36 of 2nd period - Wrist shot by Kirill Kaprizov.
15:36 of 2nd period - Stopped by Alexandar Georgiev with a rebound.
15:38 of 2nd period - Wrist shot by Kirill Kaprizov.
15:38 of 2nd period - Deflect By Matt Duchene.
15:38 of 2nd period - Stopped by Alexandar Georgiev without a rebound.
15:39 of 2nd period - Dylan Larkin wins face-off versus Miro Aaltonen in Red Wings zone.
15:43 of 2nd period - Off-side.
15:44 of 2nd period - Dylan Larkin wins face-off versus Miro Aaltonen in neutral zone.
15:49 of 2nd period - Wrist shot by Danton Heinen.
15:49 of 2nd period - Deflect By Chris Kreider.
15:49 of 2nd period - Stopped by Ville Husso without a rebound.
15:50 of 2nd period - Charlie Coyle wins face-off versus Matt Duchene in Panthers zone.
16:00 of 2nd period - Minor Penalty to Matt Duchene for Goalie Interference.
16:01 of 2nd period - Quinton Howden wins face-off versus Dylan Larkin in Panthers zone.
16:40 of 2nd period - Alex Goligoski is hit by Philip Samuelsson.
17:26 of 2nd period - Alex DeBrincat is hit by Miro Aaltonen and loses puck.
18:00 of 2nd period - Penalty to Matt Duchene is over, Matt Duchene is back on ice.
18:05 of 2nd period - Alex Pietrangelo is hit by Philip Samuelsson and loses puck.
18:16 of 2nd period - Frans Nielsen is hit by Blake Geoffrion and loses puck.
18:44 of 2nd period - Off-side.
18:45 of 2nd period - Miro Aaltonen wins face-off versus T.J. Hensick in neutral zone.
19:48 of 2nd period - Kris Versteeg is hit by Drew Fata and loses puck.
Goals for this period are 2 for Panthers vs 2 for Red Wings.
Shots for this period are 13 for Panthers vs 8 for Red Wings.
3rd period
0:01 of 3rd period - Matt Duchene wins face-off versus Charlie Coyle in neutral zone.
0:17 of 3rd period - Slapshot by Charlie Coyle.
0:17 of 3rd period - Deflect By Jordan Eberle.
0:17 of 3rd period - Stopped by Ville Husso with a rebound.
0:36 of 3rd period - Carson Mcmillan is hit by Kris Versteeg and loses puck.
0:55 of 3rd period - Snap shot by Danton Heinen.
0:55 of 3rd period - Stopped by Ville Husso with a rebound.
0:57 of 3rd period - Slapshot by Dylan Larkin.
0:57 of 3rd period - Shot Blocked by Victor Oreskovich.
0:59 of 3rd period - Snap shot by Dylan Larkin.
0:59 of 3rd period - Shot Misses the Net.
1:01 of 3rd period - Slapshot by Drew Fata.
1:01 of 3rd period - Shot Misses the Net.
1:11 of 3rd period - Alex Goligoski is hit by Jake Gardiner and loses puck.
1:32 of 3rd period - Snap shot by Frans Nielsen.
1:32 of 3rd period - Stopped by Ville Husso with a rebound.
1:34 of 3rd period - Slapshot by Roland McKeown.
1:34 of 3rd period - Deflect By Frans Nielsen.
1:34 of 3rd period - Shot Misses the Net.
1:34 of 3rd period - Puck is out of play.
1:35 of 3rd period - Frans Nielsen wins face-off versus Petr Straka in Panthers zone.
1:50 of 3rd period - Snap shot by Frans Nielsen.
1:50 of 3rd period - Shot Misses the Net.
2:23 of 3rd period - Alexander Semin is hit by Evgeny Dadonov and loses puck.
2:42 of 3rd period - Wrist shot by Evgeny Dadonov.
2:42 of 3rd period - Deflect By Brendan Woods.
2:42 of 3rd period - Shot Misses the Net.
2:42 of 3rd period - Puck is out of play.
2:43 of 3rd period - Matt Duchene wins face-off versus Charlie Coyle in Panthers zone.
2:52 of 3rd period - Snap shot by Matt Duchene.
2:52 of 3rd period - Shot Misses the Net.
3:38 of 3rd period - Slapshot by Kris Versteeg.
3:38 of 3rd period - Stopped by Alexandar Georgiev without a rebound.
3:39 of 3rd period - Dylan Larkin wins face-off versus Miro Aaltonen in Red Wings zone.
4:03 of 3rd period - Icing by Miro Aaltonen.
4:04 of 3rd period - Charlie Coyle wins face-off versus Quinton Howden in Panthers zone.
4:15 of 3rd period - Wrist shot by Jordan Eberle.
4:15 of 3rd period - Deflect By Griffin Reinhart.
4:15 of 3rd period - Stopped by Ville Husso without a rebound.
4:16 of 3rd period - Matt Duchene wins face-off versus Dylan Larkin in Panthers zone.
4:16 of 3rd period - Matt Duchene is hit by Dylan Larkin.
4:30 of 3rd period - Snap shot by Jeff Schultz.
4:30 of 3rd period - Stopped by Ville Husso without a rebound.
4:31 of 3rd period - Charlie Coyle wins face-off versus Miro Aaltonen in Panthers zone.
4:34 of 3rd period - Snap shot by Charlie Coyle.
4:34 of 3rd period - Shot Misses the Net.
4:59 of 3rd period - Icing by Alex Pietrangelo.
5:00 of 3rd period - Matt Duchene wins face-off versus Dylan Larkin in Panthers zone.
5:00 of 3rd period - Matt Duchene is hit by Jake Gardiner.
5:06 of 3rd period - Chris Kreider is hit by Kris Versteeg and loses puck.
5:51 of 3rd period - Icing by Carson Mcmillan.
5:52 of 3rd period - Matt Duchene wins face-off versus T.J. Hensick in Red Wings zone.
5:59 of 3rd period - Wrist shot by Kris Versteeg.
5:59 of 3rd period - Shot Blocked by Jake Gardiner.
6:03 of 3rd period - Snap shot by Matt Duchene.
6:03 of 3rd period - Deflect By T.J. Hensick.
6:03 of 3rd period - Stopped by Alexandar Georgiev with a rebound.
6:05 of 3rd period - Wrist shot by Kirill Kaprizov.
6:05 of 3rd period - Stopped by Alexandar Georgiev with a rebound.
6:16 of 3rd period - Icing by Drew Fata.
6:17 of 3rd period - Chris Kreider wins face-off versus Miro Aaltonen in Red Wings zone.
6:21 of 3rd period - Off-side.
6:22 of 3rd period - Miro Aaltonen wins face-off versus Dylan Larkin in neutral zone.
6:35 of 3rd period - Snap shot by Dylan Larkin.
6:35 of 3rd period - Deflect By Danton Heinen.
6:35 of 3rd period - Stopped by Ville Husso without a rebound.
6:36 of 3rd period - Matt Duchene wins face-off versus Charlie Coyle in Panthers zone.
6:36 of 3rd period - Matt Duchene is hit by Philip Samuelsson.
6:47 of 3rd period - Minor Penalty to Jordan Eberle for Hooking.
6:48 of 3rd period - Matt Duchene wins face-off versus T.J. Hensick in Red Wings zone.
8:47 of 3rd period - Penalty to Jordan Eberle is over, Jordan Eberle is back on ice.
8:53 of 3rd period - Roland McKeown is hit by Jerry D'Amigo and loses puck.
8:58 of 3rd period - Snap shot by Elias Lindholm.
8:58 of 3rd period - Shot Blocked by Charlie Coyle.
9:00 of 3rd period - Wrist shot by Alexander Semin.
9:00 of 3rd period - Shot Misses the Net.
9:15 of 3rd period - Roland McKeown is hit by Jerry D'Amigo and loses puck.
10:09 of 3rd period - Off-side.
10:10 of 3rd period - Matt Duchene wins face-off versus T.J. Hensick in neutral zone.
10:23 of 3rd period - Matt Duchene is hit by Sean Bergenheim and loses puck.
10:50 of 3rd period - Miro Aaltonen is hit by Philip Samuelsson and loses puck.
11:15 of 3rd period - Snap shot by Evgeny Dadonov.
11:15 of 3rd period - Stopped by Ville Husso with a rebound.
11:25 of 3rd period - Slapshot by Griffin Reinhart.
11:25 of 3rd period - Stopped by Alexandar Georgiev without a rebound.
11:26 of 3rd period - Matt Duchene wins face-off versus Dylan Larkin in Red Wings zone.
11:39 of 3rd period - Slapshot by Drew Fata.
11:39 of 3rd period - Stopped by Ville Husso without a rebound.
11:40 of 3rd period - Miro Aaltonen wins face-off versus Charlie Coyle in Panthers zone.
11:49 of 3rd period - Wrist shot by Charlie Coyle.
11:49 of 3rd period - Deflect By Jordan Eberle.
11:49 of 3rd period - Shot Misses the Net.
11:49 of 3rd period - Puck is out of play.
11:50 of 3rd period - Alex Iafallo wins face-off versus Alex DeBrincat in Panthers zone.
11:57 of 3rd period - Slapshot by Jordan Eberle.
11:57 of 3rd period - Stopped by Ville Husso with a rebound.
11:59 of 3rd period - Snap shot by Jordan Eberle.
11:59 of 3rd period - Shot Misses the Net.
12:01 of 3rd period - Slapshot by Jordan Eberle.
12:01 of 3rd period - Goal by Jordan Eberle - Panthers : 2 - Red Wings : 4.
12:02 of 3rd period - Kirill Kaprizov wins face-off versus Dylan Larkin in neutral zone.
12:07 of 3rd period - Slapshot by Alex Pietrangelo.
12:07 of 3rd period - Shot Misses the Net.
12:09 of 3rd period - Snap shot by Kris Versteeg.
12:09 of 3rd period - Stopped by Alexandar Georgiev without a rebound.
12:10 of 3rd period - Kris Versteeg wins face-off versus Dylan Larkin in Red Wings zone.
12:13 of 3rd period - Wrist shot by Kris Versteeg.
12:13 of 3rd period - Shot Misses the Net.
12:15 of 3rd period - Wrist shot by Niklas Hansson.
12:15 of 3rd period - Shot Misses the Net.
12:17 of 3rd period - Snap shot by Kirill Kaprizov.
12:17 of 3rd period - Shot Misses the Net.
12:31 of 3rd period - Slapshot by Alex Pietrangelo.
12:31 of 3rd period - Shot Misses the Net.
12:33 of 3rd period - Snap shot by Kris Versteeg.
12:33 of 3rd period - Stopped by Alexandar Georgiev without a rebound.
12:34 of 3rd period - Miro Aaltonen wins face-off versus Charlie Coyle in Red Wings zone.
12:49 of 3rd period - Snap shot by Griffin Reinhart.
12:49 of 3rd period - Shot Blocked by Drew Fata.
12:59 of 3rd period - Sean Bergenheim is hit by Petr Straka and loses puck.
13:04 of 3rd period - Slapshot by Alex Pietrangelo.
13:04 of 3rd period - Stopped by Alexandar Georgiev without a rebound.
13:05 of 3rd period - Dylan Larkin wins face-off versus Matt Duchene in Red Wings zone.
13:19 of 3rd period - Wrist shot by Matt Duchene.
13:19 of 3rd period - Stopped by Alexandar Georgiev without a rebound.
13:20 of 3rd period - Miro Aaltonen wins face-off versus Charlie Coyle in Red Wings zone.
13:35 of 3rd period - Snap shot by Alex DeBrincat.
13:35 of 3rd period - Shot Blocked by Victor Oreskovich.
13:37 of 3rd period - Wrist shot by Alex DeBrincat.
13:37 of 3rd period - Shot Misses the Net.
13:57 of 3rd period - Wrist shot by Dylan Larkin.
13:57 of 3rd period - Stopped by Ville Husso with a rebound.
13:59 of 3rd period - Snap shot by Chris Kreider.
13:59 of 3rd period - Deflect By Kris Versteeg.
13:59 of 3rd period - Shot Hit the Post.
13:59 of 3rd period - Puck is out of play.
14:00 of 3rd period - T.J. Hensick wins face-off versus Elias Lindholm in Panthers zone.
14:09 of 3rd period - Slapshot by Carson Mcmillan.
14:09 of 3rd period - Stopped by Ville Husso with a rebound.
14:23 of 3rd period - Minor Penalty to Philip Samuelsson for Boarding.
14:24 of 3rd period - T.J. Hensick wins face-off versus Matt Duchene in Red Wings zone.
14:33 of 3rd period - Wrist shot by Carson Mcmillan.
14:33 of 3rd period - Shot Misses the Net.
14:39 of 3rd period - Slapshot by Griffin Reinhart.
14:39 of 3rd period - Shot Misses the Net.
14:55 of 3rd period - Snap shot by Alex Pietrangelo.
14:55 of 3rd period - Goal by Alex Pietrangelo - Panthers : 3 - Red Wings : 4.
14:56 of 3rd period - Matt Duchene wins face-off versus Dylan Larkin in neutral zone.
14:58 of 3rd period - Off-side.
14:59 of 3rd period - Dylan Larkin wins face-off versus Matt Duchene in neutral zone.
15:11 of 3rd period - Wrist shot by Kris Versteeg.
15:11 of 3rd period - Shot Misses the Net.
15:13 of 3rd period - Snap shot by Alex Pietrangelo.
15:13 of 3rd period - Stopped by Alexandar Georgiev without a rebound.
15:14 of 3rd period - T.J. Hensick wins face-off versus Elias Lindholm in Red Wings zone.
15:21 of 3rd period - Wrist shot by Petr Straka.
15:21 of 3rd period - Stopped by Alexandar Georgiev with a rebound.
15:41 of 3rd period - Kirill Kaprizov is hit by Dylan Larkin and loses puck.
16:04 of 3rd period - Wrist shot by Evgeny Dadonov.
16:04 of 3rd period - Stopped by Ville Husso without a rebound.
16:05 of 3rd period - Frans Nielsen wins face-off versus Quinton Howden in Panthers zone.
16:06 of 3rd period - Snap shot by Evgeny Dadonov.
16:06 of 3rd period - Stopped by Ville Husso with a rebound.
16:08 of 3rd period - Wrist shot by Evgeny Dadonov.
16:08 of 3rd period - Deflect By Griffin Reinhart.
16:08 of 3rd period - Shot Blocked by Blake Geoffrion.
16:08 of 3rd period - Puck is out of play.
16:09 of 3rd period - Blake Geoffrion wins face-off versus Frans Nielsen in Panthers zone.
16:09 of 3rd period - Blake Geoffrion is hit by Frans Nielsen.
16:15 of 3rd period - Snap shot by Frans Nielsen.
16:15 of 3rd period - Stopped by Ville Husso with a rebound.
16:17 of 3rd period - Slapshot by Drew Fata.
16:17 of 3rd period - Stopped by Ville Husso with a rebound.
16:23 of 3rd period - Snap shot by Brendan Woods.
16:23 of 3rd period - Stopped by Ville Husso without a rebound.
16:24 of 3rd period - Elias Lindholm wins face-off versus T.J. Hensick in Panthers zone.
17:30 of 3rd period - Slapshot by Matt Duchene.
17:30 of 3rd period - Shot Misses the Net.
17:36 of 3rd period - Minor Penalty to Colten Teubert for Goalie Interference.
17:37 of 3rd period - T.J. Hensick wins face-off versus Matt Duchene in Red Wings zone.
17:37 of 3rd period - T.J. Hensick is hit by Matt Duchene.
17:49 of 3rd period - Backhand shot by Alex Pietrangelo.
17:49 of 3rd period - Deflect By Kirill Kaprizov.
17:49 of 3rd period - Stopped by Alexandar Georgiev without a rebound.
17:50 of 3rd period - Charlie Coyle wins face-off versus Matt Duchene in Red Wings zone.
18:01 of 3rd period - Slapshot by Alex Pietrangelo.
18:01 of 3rd period - Goal by Alex Pietrangelo - Panthers : 4 - Red Wings : 4.
18:02 of 3rd period - T.J. Hensick wins face-off versus Elias Lindholm in neutral zone.
18:02 of 3rd period - T.J. Hensick is hit by Elias Lindholm.
18:12 of 3rd period - Snap shot by T.J. Hensick.
18:12 of 3rd period - Goal by T.J. Hensick - Panthers : 4 - Red Wings : 5.
18:13 of 3rd period - T.J. Hensick wins face-off versus Elias Lindholm in neutral zone.
18:26 of 3rd period - Minor Penalty to Alexander Semin for Holding.
18:27 of 3rd period - Dylan Larkin wins face-off versus Quinton Howden in Panthers zone.
19:27 of 3rd period - Jeff Schultz is hit by Alex Iafallo and loses puck.
Goals for this period are 2 for Panthers vs 2 for Red Wings.
Shots for this period are 13 for Panthers vs 18 for Red Wings.